 Dungeon Crawl Stone Soup version 0.24-a0-232-g49d9ff8 (webtiles) character file.

Game seed: 10363899091209067851

93844 xeno23 the Covert (level 16, -4/92 HPs)
             Began as an Octopode Assassin on Apr 2, 2019.
             Was a Believer of Uskayaw.
             Slain by a freezing wraith (12 damage)
             ... in an ice cave on Apr 3, 2019.
             The game lasted 02:59:24 (25354 turns).

xeno23 the Covert (Octopode Assassin)              Turns: 25354, Time: 02:59:25

Health: -4/92      AC:  0    Str: 12    XL:     16   Next: 9%
Magic:  11/23      EV: 20    Int: 14    God:    Uskayaw [**....]
Gold:   600        SH:  0    Dex: 18    Spells: 13/25 levels left

rFire    . . .     SeeInvis .   (weapon currently unavailable)
rCold    . . .     Gourm    .   (shield currently unavailable)
rNeg     . . .     Faith    .   (helmet currently unavailable)
rPois    .         Spirit   .   i - amulet of regeneration
rElec    .         Reflect  .   (ring currently unavailable)
rCorr    .         Harm     .   (ring currently unavailable)
MR       ++...                  (ring currently unavailable)
Stlth    ++++++....             (ring currently unavailable)
HPRegen  0.65/turn              (ring currently unavailable)
MPRegen  0.18/turn              (ring currently unavailable)
                                (ring currently unavailable)
                                (ring currently unavailable)

@: pig-form, slightly contaminated, slowed
A: small, almost no armour, stealthy swim, (amphibious), (8 rings), (constrict
8), blurry vision 1, frail 1, magic resistance 1
a: Stomp, Line Pass, Renounce Religion


You were in an ice cave.
You worshipped Uskayaw.
Uskayaw was aware of your devotion.
You were very hungry.
You were a filthy swine.
You visited 3 branches of the dungeon, and saw 22 of its levels.
You also visited: Ice Cave.

You collected 2244 gold pieces.
You spent 1644 gold pieces at shops.

Inventory:

Hand Weapons
 a - a +1 demon blade of electrocution (melded)
 d - a +2 rapier of speed
 s - a +0 blowgun
Missiles
 b - 12 curare-tipped needles
 c - 60 poisoned needles
 n - 2 throwing nets (quivered)
Armour
 X - a +2 hat of intelligence (melded)
Jewellery
 i - an amulet of regeneration (around neck)
 j - a +3 ring of strength (melded)
 m - a +5 ring of evasion (melded)
 u - a +3 ring of intelligence (melded)
 y - an uncursed ring of protection from fire
 C - a ring of stealth (melded)
 K - a ring of protection from cold (melded)
 M - a +2 ring of strength (melded)
 N - a ring of protection from magic (melded)
 S - a ring of positive energy (melded)
Wands
 p - a wand of iceblast (4)
 t - a wand of disintegration (3)
 w - a wand of polymorph (10)
 F - a wand of scattershot (1)
 I - a wand of acid (4)
 Q - a wand of paralysis (9)
 Y - a wand of digging (7)
Scrolls
 e - 7 scrolls of teleportation
 h - 12 scrolls of remove curse
 r - 4 scrolls of amnesia
 v - 2 scrolls of fear
 x - 2 scrolls of enchant weapon
 B - 2 scrolls of magic mapping {unknown}
 W - 2 scrolls of silence {unknown}
Potions
 k - 3 potions of invisibility
 q - 4 potions of flight
 z - 4 potions of cancellation
 A - a potion of might
 D - a potion of lignification
 E - 4 potions of agility
 G - 6 potions of curing
 H - 2 potions of haste
 J - 3 potions of heal wounds
 O - 3 potions of brilliance
 R - 2 potions of berserk rage
 Z - a potion of magic
Miscellaneous
 g - a box of beasts
 o - a phial of floods
Comestibles
 f - 25 rations
 L - a chunk of flesh


   Skills:
 - Level 7.1 Fighting
 - Level 13.1(14.2) Short Blades
 * Level 9.8(12.7) Long Blades
 - Level 6.9 Throwing
 - Level 6.7 Dodging
 - Level 14.0 Stealth
 - Level 5.0 Spellcasting
 + Level 5.8 Hexes
 + Level 8.6 Transmutations
 + Level 8.7 Earth Magic
 + Level 9.6 Invocations
 - Level 7.3 Evocations


You had 13 spell levels left.
You knew the following spells:

 Your Spells              Type           Power        Failure   Level  Hunger
a - Confuse               Hex            ###.....     4%          3    ###....
d - Statue Form           Tmut/Erth      ####.....    58%         6    #######
s - Mephitic Cloud        Conj/Pois/Air  #.......     45%         3    ###....

Your spell library contained the following spells:

 Spells                   Type           Power        Failure   Level  Hunger
 Corona                   Hex            ###....      1%          1    None
 Tukima's Dance           Hex            ###.....     4%          3    ###....
 Ensorcelled Hibernation  Hex/Ice        ##....       9%          2    ##.....
 Dazzling Spray           Conj/Hex       ##....       16%         3    ###....
 Summon Guardian Golem    Hex/Summ       ##......     16%         3    ###....
 Sting                    Conj/Pois      #...         17%         1    None
 Summon Small Mammal      Summ           #...         17%         1    None
 Call Imp                 Summ           #.......     26%         2    ##.....
 Poisonous Vapours        Pois/Air       #.....       26%         2    ##.....
 Call Canine Familiar     Summ           #.......     45%         3    ###....
 Hydra Form               Tmut           ####......   61%         6    #######
 Borgnjor's Vile Clutch   Necr/Erth      ###.......   63%         5    ######.
 Irradiate                Conj/Tmut      ###.......   63%         5    ######.
 Silence                  Hex/Air        ##........   83%         5    ######.
 Olgreb's Toxic Radiance  Pois           #.......     86%         4    ####...
 Summon Ice Beast         Ice/Summ       #.......     86%         4    ####...
 Summon Lightning Spire   Summ/Air       #.......     86%         4    ####...
 Darkness                 Hex            ###.......   94%         6    #######
 Venom Bolt               Conj/Pois      #.........   99%         5    ######.
 Dragon Form              Tmut           ####......   99%         7    #######
 Shadow Creatures         Summ           N/A          100%        6    #######


Dungeon Overview and Level Annotations

Branches:
Dungeon (14/15)            Temple (0/1) D:7            Lair (6/6) D:11
  Swamp (0/4) Lair:3       Spider (0/4) Lair:4        Slime (0/5) Lair:5
    Orc (2/2) D:10            Elf (0/3) Orc:2        Vaults (0/5) D:13

Altars:
Ashenzari
Gozag
Uskayaw
Zin

Shops:
D:7 *   D:10 (   D:11 (   D:12 (   Orc:1 =   Orc:2 %[(*:

Portals:
Trove: D:12 (give 5 potions of resistance)


Innate Abilities, Weirdness & Mutations

You cannot wear most types of armour.
You are very stealthy in the water. (Stealth+)
((You are amphibious.))
((You can wear up to eight rings at the same time.))
((You can use your tentacles to constrict eight enemies at once.))
((Your skin changes colour to match your surroundings (Stealth+).))
((Your rubbery body absorbs attacks. (AC +1, EV +1)))
Scrolls take you a little longer to read.
((Your flesh is heat resistant. (rF+)))
You are frail. (-10% HP)
You are resistant to hostile enchantments. (MR+)


Message History

Your ring of protection from magic melds into your body.
Your ring of protection from cold melds into your body.
Your +3 ring of intelligence melds into your body.
Your +2 ring of strength melds into your body.
Your +3 ring of strength melds into your body.
Your ring of stealth melds into your body.
Your ring of positive energy melds into your body.
Your +1 demon blade of electrocution stops crackling.
You feel stupid. x2; You feel weaker. x2
You are feeling very hungry.
The freezing wraith hits you. The freezing wraith freezes you!!
* * * LOW HITPOINT WARNING * * *
The freezing wraith hits you.
* * * LOW HITPOINT WARNING * * *
The freezing wraith drains your vigour!
You feel as though you will be slow longer.
The freezing wraith hits you.
* * * LOW HITPOINT WARNING * * *
The freezing wraith freezes you!
You die...

##...## ##...##
.......## #...##
........# ##...#
..Y.....# ##...#
.W..W...# ##...##
......W.## #...##
#..## #..## ###W.#
##..## ###.h.##
##..# ###....##
####..## #
##....###
##.#....#.##
###...###
##..........#
###...###
##............#
##...###
####.............#
#...##
##...............##
#..###
##....###........##
#....## #...###
###...####


You could see a freezing wraith.

Vanquished Creatures
  Gastronok (Orc:1)
  Kirke (Lair:6)
  2 orc warlords (Orc:2)
  An ironheart preserver (D:13)
  An ettin (Lair:5)
  A fire dragon (Lair:6)
  Snorg (Lair:6)
  7 hydras
  The ghost of Borgoz the Slicer, a journeyman DsBe of Trog (D:10)
  A catoblepas (D:13)
  A centaur warrior (D:13)
  2 two-headed ogres
  An orc high priest (Orc:2)
  Urug (D:11)
  2 unseen horrors
  A lindwurm (Lair:6)
  2 orc knights (Orc:2)
  2 cyclopes
  11 ugly things
  6 orc sorcerers (Orc:2)
  Maurice (D:10)
  9 deep elf magi
  4 manticores
  11 black mambas
  2 torpor snails
  10 elephants (Lair:6)
  A gargoyle (D:10)
  3 molten gargoyles (Lair:6)
  4 spiny frogs
  4 centaur skeletons
  An efreet (D:13)
  4 freezing wraiths (IceCv)
  18 komodo dragons
  10 trolls
  4 jumping spiders (Lair:4)
  6 polar bears
  3 hornets
  9 blink frogs
  10 slime creatures
  12 hippogriffs
  4 dream sheep (Lair:4)
  A meliai zombie (D:14)
  3 wyverns
  Eustachio (D:5)
  A spriggan (D:7)
  4 redbacks (Lair:4)
  76 yaks
  6 basilisks
  A hungry ghost (D:10)
  6 hogs
  2 steam dragons
  3 vampire mosquitoes (D:13)
  6 wargs
  An acid dragon (D:12)
  5 hell hounds (Lair:6)
  3 porcupines
  Duvessa (D:5)
  29 orc warriors
  13 water moccasins
  5 phantoms
  A sky beast (D:12)
  5 black bears
  19 ice beasts
  An alligator simulacrum (IceCv)
  11 ogres
  A necrophage (D:13)
  8 centaurs
  12 wolves
  11 crocodiles
  A big kobold (D:11)
  15 bullfrogs
  Dowan (D:5)
  A wyvern skeleton (D:12)
  3 scorpions
  An elephant simulacrum (IceCv)
  3 troll zombies (D:10)
  13 killer bees
  4 howler monkeys
  3 electric eels
  6 crimson imps
  3 bullfrog zombies
  A centaur zombie (D:9)
  7 jellies
  6 lava snakes
  3 quasits
  4 hounds
  A gnoll shaman (D:6)
  14 orc priests
  Crazy Yiuf (D:2)
  3 iguanas
  21 orc wizards
  5 bullfrog skeletons
  2 polar bear simulacra (IceCv)
  Natasha (thrice) (D:2)
  11 worker ants
  5 ogre zombies (D:10)
  4 hound zombies
  Robin (D:2)
  A worker ant zombie (D:7)
  12 gnolls
  15 adders
  A shadow imp (D:10)
  5 white imps (IceCv)
  3 adder skeletons
  5 worms
  A dart slug (D:1)
  6 leopard geckos
  54 orcs
  3 giant cockroaches
  9 goblins
  13 hobgoblins
  7 jackals
  6 quokkas
  2 ball pythons
  6 bats
  5 frilled lizards
  2 goblin skeletons (D:10)
  4 goblin zombies (D:10)
  2 hobgoblin skeletons (D:10)
  A hobgoblin zombie (D:10)
  14 kobolds
  2 orc skeletons (D:10)
  13 orc zombies (D:10)
  5 rats
755 creatures vanquished.

Vanquished Creatures (others)
  A two-headed ogre (D:8)
  20 fungi
  24 plants
45 creatures vanquished.

Grand Total: 800 creatures vanquished

Notes
Turn   | Place    | Note
-------+----------+-------------------------------------------
     0 | D:1      | xeno23 the Octopode Assassin began the quest for the Orb.
     0 | D:1      | Reached XP level 1. HP: 14/14 MP: 1/1
   159 | D:1      | Reached XP level 2. HP: 7/19 MP: 2/2
   769 | D:2      | Reached XP level 3. HP: 15/24 MP: 3/3
   914 | D:2      | Noticed Robin
   954 | D:2      | Reached XP level 4. HP: 29/29 MP: 4/4
   988 | D:2      | Killed Robin
  1047 | D:2      | Noticed Natasha
  1054 | D:2      | Killed Natasha
  1054 | D:2      | Reached skill level 5 in Short Blades
  1054 | D:2      | Reached XP level 5. HP: 34/34 MP: 5/5
  1211 | D:2      | Found a runed translucent door.
  1212 | D:2      | Noticed Crazy Yiuf
  1321 | D:2      | Killed Crazy Yiuf
  1505 | D:2      | Noticed Natasha
  1507 | D:2      | Killed Natasha
  1645 | D:2      | Noticed Natasha
  1652 | D:2      | Killed Natasha
  1652 | D:2      | Reached XP level 6. HP: 28/39 MP: 6/6
  2860 | D:4      | Reached skill level 1 in Long Blades
  2971 | D:4      | Reached XP level 7. HP: 45/45 MP: 7/7
  3387 | D:5      | Entered Level 5 of the Dungeon
  3535 | D:5      | Noticed Duvessa
  3541 | D:5      | Noticed Dowan
  3666 | D:5      | Reached skill level 5 in Long Blades
  3666 | D:5      | Reached XP level 8. HP: 35/50 MP: 8/8
  3716 | D:5      | Noticed Eustachio
  3720 | D:5      | Killed Eustachio
  3867 | D:5      | Killed Duvessa
  3873 | D:5      | Killed Dowan
  4178 | D:6      | Reached skill level 1 in Evocations
  4264 | D:6      | Reached skill level 6 in Stealth
  4277 | D:6      | Reached XP level 9. HP: 54/55 MP: 9/9
  4338 | D:6      | HP: 2/55 [orc/+0 hand axe (9)]
  5101 | D:7      | Found a hide-covered altar of Uskayaw.
  5106 | D:7      | Found an opulent altar of Gozag.
  5113 | D:7      | Became a worshipper of Uskayaw the Reveler
  5122 | D:7      | Found a shattered altar of Ashenzari.
  5172 | D:7      | Reached * piety under Uskayaw
  5176 | D:7      | Reached ** piety under Uskayaw
  5260 | D:7      | Reached skill level 7 in Stealth
  5456 | D:7      | Reached *** piety under Uskayaw
  5523 | D:7      | Found Zin's Purification Station.
  5526 | D:7      | Found a glowing silver altar of Zin.
  5636 | D:7      | Reached **** piety under Uskayaw
  5638 | D:7      | Reached skill level 8 in Stealth
  5734 | D:7      | Found a staircase to the Ecumenical Temple.
  5794 | D:7      | Noticed a troll
  5866 | D:7      | Killed a troll
  5964 | D:7      | Reached XP level 10. HP: 26/63 MP: 12/12
  6364 | D:8      | Noticed a two-headed ogre
  6373 | D:8      | Killed a two-headed ogre
  6373 | D:8      | Reached skill level 9 in Stealth
  6386 | D:8      | Reached ***** piety under Uskayaw
  6916 | D:9      | Got an ancient hand axe
  6917 | D:9      | Identified the +7 hand axe of the Hall of Blades {holy,
                  | +Fly Str-2 Int+8 Dex-5} (You found it on level 9 of the
                  | Dungeon)
  7073 | D:9      | You fall through a shaft for 3 floors!
  7105 | D:12     | Noticed an eight-headed hydra
  7136 | D:11     | Noticed a cyan ugly thing
  7373 | D:12     | Reached skill level 10 in Stealth
  7520 | D:12     | Reached skill level 5 in Fighting
  7626 | D:12     | Found Congaroch's Antique Weapon Boutique.
  7653 | D:12     | Found a portal to a secret trove of treasure.
  7666 | D:12     | Bought a glowing rapier for 203 gold pieces
  7707 | D:12     | Reached XP level 11. HP: 71/71 MP: 14/14
  7761 | D:12     | Noticed a purple ugly thing
  7777 | D:12     | Killed a purple ugly thing
  7777 | D:12     | Reached skill level 1 in Invocations
  7777 | D:12     | Reached skill level 5 in Evocations
  7806 | D:12     | Reached skill level 11 in Stealth
  7815 | D:12     | Reached ****** piety under Uskayaw
  7949 | D:12     | Reached skill level 5 in Throwing
  8107 | D:11     | Killed an unseen horror
  8185 | D:11     | Found Athiob's Weapon Shop.
  8294 | D:11     | Killed a cyan ugly thing
  8298 | D:11     | Reached skill level 5 in Dodging
  8440 | D:11     | Noticed a two-headed ogre
  8469 | D:11     | Killed a two-headed ogre
  8542 | D:10     | Entered Level 10 of the Dungeon
  8816 | D:10     | Noticed a manticore
  8949 | D:11     | Found a staircase to the Lair.
  9134 | D:11     | Reached skill level 12 in Stealth
  9318 | D:11     | Noticed Urug
  9354 | D:11     | Killed Urug
  9449 | D:10     | Found Ticzess's Antique Weapon Boutique.
  9519 | D:10     | Found a runed translucent door.
  9519 | D:10     | Noticed Borgoz's ghost (journeyman DsBe)
  9673 | D:9      | Reached XP level 12. HP: 65/79 MP: 16/16
 10242 | D:10     | Noticed Maurice
 10264 | D:10     | Killed Maurice
 10609 | D:10     | Reached skill level 10 in Short Blades
 11133 | D:10     | Found a staircase to the Orcish Mines.
 11349 | Orc:1    | Entered Level 1 of the Orcish Mines
 11477 | Orc:2    | Entered Level 2 of the Orcish Mines
 11587 | Orc:2    | Reached skill level 13 in Stealth
 11657 | Orc:2    | Noticed an orc warlord
 11704 | Orc:2    | Killed an orc warlord
 11806 | Orc:2    | Noticed a soul eater
 11885 | Orc:2    | Found Cutal's General Store.
 12100 | Orc:2    | Reached XP level 13. HP: 51/85 MP: 18/18
 12210 | Orc:2    | Bought a scroll of identify for 30 gold pieces
 12237 | Orc:2    | Found a staircase to the Elven Halls.
 12249 | Orc:2    | Found Ganoemn's Book Shoppe.
 12334 | Orc:2    | Found Ethim's Antique Armour Shoppe.
 12390 | Orc:2    | Reached skill level 5 in Invocations
 12684 | Orc:2    | Reached skill level 14 in Stealth
 12741 | Orc:2    | Found Ceuk's Antique Weapon Boutique.
 12778 | Orc:2    | Found Ceutiuj's Food Shop.
 12839 | Orc:2    | Bought a book of Transfigurations for 715 gold pieces
 12846 | Orc:2    | Learned a level 6 spell: Statue Form
 12960 | Orc:2    | Reached skill level 1 in Earth Magic
 13047 | Orc:1    | Reached skill level 1 in Transmutations
 13068 | Orc:1    | Noticed Gastronok
 13215 | Orc:1    | Reached skill level 1 in Spellcasting
 13774 | Orc:1    | Noticed an orc warlord
 14256 | Orc:2    | Killed an orc warlord
 14549 | Orc:1    | Killed Gastronok
 14644 | Orc:1    | Found Rurharoq's Jewellery Shoppe.
 14877 | Orc:2    | Upgraded the game from 0.24-a0-230-g536ed4e to
                  | 0.24-a0-232-g49d9ff8
 14970 | Lair:1   | Entered Level 1 of the Lair of Beasts
 15578 | Lair:1   | Reached XP level 14. HP: 84/92 MP: 20/20
 16323 | Lair:2   | Reached skill level 5 in Earth Magic
 16456 | Lair:2   | Reached skill level 5 in Transmutations
 16818 | Lair:3   | Found a staircase to the Swamp.
 17354 | Lair:3   | Reached skill level 5 in Spellcasting
 18266 | Lair:4   | Found a hole to the Spider Nest.
 18716 | Lair:4   | Learned a level 3 spell: Mephitic Cloud
 18720 | Lair:4   | Learned a level 3 spell: Confuse
 19217 | Lair:5   | Found a staircase to the Slime Pits.
 19520 | Lair:5   | Reached skill level 1 in Hexes
 19817 | Lair:6   | Entered Level 6 of the Lair of Beasts
 19852 | Lair:6   | Noticed Kirke
 19977 | Lair:6   | Identified 4 scrolls of acquirement
 20246 | Lair:6   | Reached XP level 15. HP: 68/97 MP: 22/22
 20247 | Lair:6   | Killed Kirke
 20752 | Lair:6   | Gained mutation: You are frail. (-10% HP) [potion of
                  | mutation]
 20752 | Lair:6   | Gained mutation: Your system is resistant to poisons.
                  | (rPois) [potion of mutation]
 20872 | Lair:6   | Noticed Snorg
 20880 | Lair:6   | Killed Snorg
 21260 | Lair:6   | Found a large runed translucent door.
 21262 | Lair:6   | Found a large runed translucent door.
 22971 | Orc:2    | Bought a runed demon blade for 576 gold pieces
 23038 | Orc:2    | Bought a potion of mutation for 120 gold pieces
 23038 | Orc:2    | Lost mutation: Your system is resistant to poisons. (rPois)
                  | [potion of mutation]
 23038 | Orc:2    | Lost mutation: You are frail. (-10% HP) [potion of
                  | mutation]
 23038 | Orc:2    | Gained mutation: Your flesh is heat resistant. (rF+)
                  | [potion of mutation]
 23038 | Orc:2    | Gained mutation: Scrolls take you a little longer to read.
                  | [potion of mutation]
 23038 | Orc:2    | Gained mutation: You are frail. (-10% HP) [potion of
                  | mutation]
 23038 | Orc:2    | Gained mutation: You are resistant to hostile enchantments.
                  | (MR+) [potion of mutation]
 23107 | D:10     | Killed Borgoz's ghost
 23700 | D:12     | Reached skill level 5 in Hexes
 24104 | D:13     | Found a gate to the Vaults.
 25196 | D:14     | Reached XP level 16. HP: 92/92 MP: 11/23
 25215 | D:14     | Found a frozen archway.
 25239 | IceCv    | Entered an ice cave
 25354 | IceCv    | Slain by a freezing wraith

Levels and vault maps discovered:
D:1:      dpeg_arrival_chase, layout_loops_ring
D:2:      layout_rooms, serial_park_tiny_1, st_stairs_2,
          grunt_decor_mini_mirrors, uniq_robin, uniq_crazy_yiuf_cottage,
          uniq_natasha
D:3:      layout_basic, serial_forest, infiniplex_forest_zigzag_2,
          infiniplex_forest_straight_2, infiniplex_forest_clump_medium,
          infiniplex_forest_clump_small, infiniplex_forest_lined_2,
          infiniplex_forest_clump_long, grunt_ministairs_4
D:4:      wad_lake_hut, layout_basic
D:5:      layout_basic, first_ration, st_stairs_3, uniq_duvessa, uniq_eustachio
D:6:      layout_cave_pools, minmay_manual_mess
D:7:      kennysheep_big_flooded_room, layout_cave_pools, zin_purify,
          minmay_overflow_temple_star_quad, the_bakery
D:8:      layout_cave_pods
D:9:      layout_basic
D:10:     layout_basic, zombieorc2_lemuel, gammafunk_ghost_grave, serial_shops,
          nicolae_shop_crystal, minmay_shattered_shrine, uniq_maurice
D:11:     layout_basic, lair_entry_dummy, serial_shops, shop_statue, uniq_urug
D:12:     layout_irregular_city, serial_shops, shop, enter_trove_2
D:13:     layout_basic, skrybe_vaults_entry_preservation
D:14:     layout_loops_cross, minmay_misc_feat_cross,
          portal_ice_cave_entry_ice_beasts
Lair:1:   layout_long_grid, cheibrodos_lair_lostbears, grunt_megastairs_2
Lair:2:   layout_chaotic_city, grunt_megastairs_4
Lair:3:   layout_loops_ring, swamp_mist
Lair:4:   layout_cave_pods, nicolae_spider_entry_tight_spaces,
          kennysheep_basilisk_garden, grunt_megastairs_1
Lair:5:   layout_concentric_octagons, slime_dummy, forest_entry_grove
Lair:6:   cheibrodos_lair_end_hotspot, layout_regular_city, serial_bayou_pond_b,
          uniq_snorg, uniq_kirke
Orc:1:    layout_diamond_mine, serial_shops, shop_fountains,
          elves_outpost_lemuel, uniq_gastronok
Orc:2:    grunt_orc_gardens, layout_diamond_mine, grunt_orc_garden,
          grunt_orc_garden, grunt_orc_garden, grunt_orc_garden, serial_shops,
          nicolae_shop_waterfront
IceCv:    ice_cave_small_necro

Skill      XL: |  1  2  3  4  5  6  7  8  9 10 11 12 13 14 15 |
---------------+----------------------------------------------+-----
Short Blades   | 3 4 5 6 7 8 9 10 11 13 | 13.1
Long Blades    | 1 5 8 9 |  9.8
Evocations     | 1 3 4 6 7 |  7.3
Stealth        | 6 8 10 12 13 14 | 14.0
Dodging        | 3 4 5 6 |  6.7
Fighting       | 3 5 6 7 |  7.1
Throwing       | 3 4 5 6 |  6.9
Invocations    | 3 4 5 7 9 |  9.6
Earth Magic    | 4 6 8 |  8.7
Transmutations | 4 6 8 |  8.6
Spellcasting   | 4 5 |  5.0
Hexes          | 2 5 |  5.8

Action                   |  1- 3 |  4- 6 |  7- 9 | 10-12 | 13-15 | 16-18 || total
-------------------------+-------+-------+-------+-------+-------+-------++-------
Melee: Dagger            |    64 |   113 |    31 |    83 |     3 |       ||   294
       Constrict         |    16 |    38 |    51 |    75 |   145 |     3 ||   328
       Tentacles         |     7 |    34 |    88 |   166 |   444 |    21 ||   760
       Spear             |       |    52 |   281 |    33 |       |       ||   366
       Falchion          |       |       |    56 |       |       |       ||    56
       Hand axe          |       |       |       |    16 |       |       ||    16
       Rapier            |       |       |       |   562 |  1416 |       ||  1978
       Demon blade       |       |       |       |       |   104 |    69 ||   173
 Fire: Blowgun           |       |       |    46 |   214 |    60 |       ||   320
Throw: Javelin           |       |       |       |     4 |       |       ||     4
 Cast: Confuse           |       |       |       |       |    32 |       ||    32
       Statue Form       |       |       |       |       |     1 |     1 ||     2
Invok: Line Pass         |       |       |       |     1 |     3 |       ||     4
       Stomp             |       |       |       |     1 |       |       ||     1
Evoke: Wand              |       |       |     4 |    22 |    25 |       ||    51
       Phial of floods   |       |       |       |       |     1 |       ||     1
  Use: Scroll            |       |       |     6 |     9 |    14 |       ||    29
       Potion            |       |       |       |     3 |     4 |       ||     7
 Stab: Sleeping          |     7 |    11 |     8 |    21 |    64 |     3 ||   114
       Distracted        |       |     1 |       |     4 |     7 |       ||    12
       Paralysed         |       |       |     1 |    30 |    51 |    11 ||    93
       Invisible         |       |       |       |     4 |       |       ||     4
       Confused          |       |       |       |       |    11 |       ||    11
  Eat: Chunk             |       |     3 |     8 |    16 |    38 |     2 ||    67
       Ration            |       |     1 |     2 |     1 |     2 |       ||     6
Armor: Skin              |     2 |     4 |     8 |     6 |    37 |    13 ||    70
Dodge: Dodged            |    36 |   103 |   307 |   400 |   740 |    81 ||  1667
       Rpst.: Falchion   |       |       |    16 |       |       |       ||    16
       Demon blade       |       |       |       |       |    15 |    17 ||    32

Table legend:
 A = Non-vault XP
 B = Vault XP
 C = Vault XP percentage of total XP
 D = Non-vault monster count
 E = Vault monster count
 F = Vault count percentage of total count
                 A         B        C        D         E       F
            +---------+---------+-------+---------+---------+-------
      Total |   80471 |   53593 |  40.0 |     536 |     220 |  29.1
            +---------+---------+-------+---------+---------+-------
        D:1 |      27 |       0 |   0.0 |      15 |       0 |   0.0
        D:2 |     198 |     113 |  36.3 |      24 |      16 |  40.0
        D:3 |      87 |      15 |  14.7 |      23 |       2 |   8.0
        D:4 |     211 |       0 |   0.0 |      14 |       0 |   0.0
        D:5 |     581 |     544 |  48.4 |      15 |       4 |  21.1
        D:6 |     936 |     249 |  21.0 |      23 |       5 |  17.9
        D:7 |    1345 |     565 |  29.6 |      28 |       3 |   9.7
        D:8 |    1451 |       0 |   0.0 |      12 |       0 |   0.0
        D:9 |    1545 |       0 |   0.0 |      29 |       0 |   0.0
       D:10 |    3232 |    4396 |  57.6 |      25 |      48 |  65.8
       D:11 |    4582 |     827 |  15.3 |      31 |       1 |   3.1
       D:12 |    9901 |       0 |   0.0 |      46 |       0 |   0.0
       D:13 |    6826 |    4652 |  40.5 |      32 |       9 |  22.0
       D:14 |    4315 |    1033 |  19.3 |       8 |       8 |  50.0
     Lair:1 |    7840 |    1541 |  16.4 |      30 |       6 |  16.7
     Lair:2 |    3481 |     153 |   4.2 |      14 |       1 |   6.7
     Lair:3 |    8095 |       0 |   0.0 |      33 |       0 |   0.0
     Lair:4 |    5446 |    3282 |  37.6 |      26 |      13 |  33.3
     Lair:5 |    2510 |    1366 |  35.2 |       8 |       9 |  52.9
     Lair:6 |   11511 |   15733 |  57.7 |      39 |      40 |  50.6
      Orc:1 |    1325 |    5684 |  81.1 |      23 |       8 |  25.8
      Orc:2 |    5026 |   11079 |  68.8 |      38 |      29 |  43.3
      IceCv |       0 |    2361 | 100.0 |       0 |      18 | 100.0
            +---------+---------+-------+---------+---------+-------
